 Dungeon Crawl Stone Soup version 0.27.1-33-g824d729ab1 (webtiles) character file.

Game seed: 1764255307935490789

3152 horus123 the Cudgeller (level 10, -3/76 HPs)
             Began as a Human Fighter on Nov 24, 2021.
             Was a Follower of Nemelex Xobeh.
             Slain by Gastronok (21 damage)
             ... on level 8 of the Dungeon.
             The game lasted 00:11:50 (7770 turns).

horus123 the Cudgeller (Human Fighter)              Turns: 7770, Time: 00:11:52

Health: -3/76      AC: 12    Str: 18    XL:     10   Next: 15%
Magic:  14/14      EV:  3    Int:  8    God:    Nemelex Xobeh [*.....]
Gold:   387        SH: 10    Dex: 21    Spells: 9/9 levels left

rFire    x . .     SeeInvis .   j - +7 mace "Axiuw" {flame, rPois}
rCold    + . .     Faith    .   c - +0 kite shield
rNeg     . . .     Spirit   .   l - +0 plate armour
rPois    +         Reflect  .   (no helmet)
rElec    .         Harm     .   (no cloak)
rCorr    .         Rampage  .   (no gloves)
Will     .....                  (no boots)
Stlth    ..........             u - amulet of magic regeneration
HPRegen  0.22/turn              r - ring of ice
MPRegen  0.39/turn              i - +6 ring of dexterity

@: slowed, very slow
A: no striking features
a: Renounce Religion, Draw Escape, Draw Destruction, Draw Summoning


You were on level 8 of the Dungeon.
You worshipped Nemelex Xobeh.
Nemelex Xobeh was aware of your devotion.
You visited 1 branch of the dungeon, and saw 8 of its levels.
You also visited: Sewer.

You collected 387 gold pieces.

Inventory:

Hand Weapons
 a - a +0 flail
 g - a +3 vorpal flail
 j - the +7 mace "Axiuw" (weapon) {flame, rPois}
   (You found it on level 4 of the Dungeon)

   It burns those it strikes, dealing additional fire damage.
   rPois:     It protects you from poison.
Missiles
 d - 3 silver javelins
Armour
 b - a +0 scale mail
 c - a +0 kite shield (worn)
 l - a +0 plate armour (worn)
Jewellery
 i - a +6 ring of dexterity (right hand)
 r - a ring of ice (left hand)
 u - an amulet of magic regeneration (around neck)
Wands
 m - a wand of polymorph (25)
 n - a wand of flame (14) (quivered)
Scrolls
 o - a scroll of amnesia
 q - a scroll of blinking
Potions
 e - 2 potions of lignification
 h - a potion of magic {unknown}
 k - 3 potions of flight
 p - a potion of brilliance {unknown}
 s - 2 potions of curing
 t - a potion of degeneration {unknown}


   Skills:
 - Level 5.7 Fighting
 - Level 7.1 Maces & Flails
 - Level 5.0 Throwing
 - Level 6.2 Armour
 - Level 5.0 Shields
 - Level 5.4 Invocations
 + Level 3.4 Evocations


You had 9 spell levels left.
You didn't know any spells.
Your spell library contained the following spells:

 Spells                   Type           Power      Damage    Failure   Level
 Corona                   Hex            0%         N/A       100%        1
 Sting                    Tmut/Pois      0%         1d3       100%        1
 Ensorcelled Hibernation  Hex/Ice        0%         N/A       100%        2
 Poisonous Vapours        Pois/Air       0%         N/A       100%        2
 Static Discharge         Conj/Air       0%         N/A       100%        2
 Ignite Poison            Fire/Tmut/Pois 0%         N/A       100%        3
 Mephitic Cloud           Conj/Pois/Air  0%         N/A       100%        3
 Tukima's Dance           Hex            0%         N/A       100%        3
 Hailstorm                Conj/Ice       0%         3d3       100%        4
 Ice Form                 Ice/Tmut       0%         N/A       100%        4
 Olgreb's Toxic Radiance  Pois           0%         N/A       100%        4
 Bolt of Magma            Conj/Fire/Erth 0%         4d4       100%        5
 Lightning Bolt           Conj/Air       0%         1d11      100%        5
 Simulacrum               Ice/Necr       0%         N/A       100%        6
 Maxwell's Capacitive Co  Air            0%         ∞         100%        8


Dungeon Overview and Level Annotations

Branches:
Dungeon (8/15)             Temple (0/1) D:6           Sewer (visited)
   Lair: D:8-11

Altars:
Ashenzari
Dithmenos
Fedhas
Hepliaklqana
Kikubaaqudgha
Nemelex Xobeh
Zin

Shops:
D:7 =

Annotations:
D:8 Gastronok


Message History

Gastronok puts on a burst of speed!
You block the quokka's attack.
You hit Gastronok but do no damage.
Gastronok is heavily wounded.
The quokka bites you but does no damage.
You block the quokka's attack. Gastronok bites you.
You sock Gastronok! You burn Gastronok.
Gastronok is severely wounded.
You block the quokka's attack. The quokka bites you. Gastronok bites you!
The quokka barely misses you.
You completely miss Gastronok.
Gastronok is severely wounded.
You block the quokka's attack. Gastronok bites you.
The quokka bites you but does no damage.
You hit Gastronok but do no damage.
Gastronok is heavily wounded.
You block the quokka's attack.
The quokka bites you but does no damage.
Gastronok gurgles, "Slow down, so I can eat you."
Gastronok bites you!
You thump Gastronok! You burn Gastronok.
Gastronok is severely wounded.
You block the quokka's attack.
The quokka bites you but does no damage.
Gastronok bites you!!
* * * LOW HITPOINT WARNING * * *
You hit Gastronok. You burn Gastronok.
Gastronok is severely wounded.
You block the quokka's attack. x2; You block Gastronok's attack.
The quokka barely misses you.
You thump Gastronok! You burn Gastronok.
Gastronok is severely wounded.
The quokka bites you but does no damage.
The quokka barely misses you. Gastronok barely misses you.
You hit Gastronok. You burn Gastronok.
Gastronok is severely wounded.
The quokka bites you but does no damage. x2
Gastronok makes a strange noise.
Gastronok bites you!!
You die...
Your body glows slightly and disappears.

............#
##...........# ..
..............# >..
..#..........# ....
#.#...(......#
....##.#..........#
...........wr.....##
....#.......@......#
....#..............#
...............[..(###..
...#....................
#.....###........#..
#......###.........
#####..###.....:.#
#..##............#
#......#.........#


You could see Gastronok (swift) and a quokka (summoned).

Vanquished Creatures
  The ghost of belegose the Magician, a novice DrFE (D:5)
  Grinder (D:4)
  Menkaure (D:6)
  3 water moccasins (D:7)
  An orc warrior (D:7)
  2 sky beasts (D:5)
  2 black bears
  A necrophage (D:4)
  A centaur (D:7)
  2 ogres
  A phantom (D:5)
  A kobold brigand (Sewer)
  A gnoll sergeant (D:6)
  A water moccasin zombie (D:6)
  4 scorpions
  A wyvern skeleton (D:6)
  2 howler monkeys
  A bullfrog skeleton (D:5)
  An orc priest (D:7)
  4 hounds
  2 gnoll shamans
  A scorpion zombie (D:5)
  5 iguanas
  2 orc wizards (D:7)
  Natasha (twice) (D:3)
  3 adders
  18 gnolls
  2 river rats (Sewer)
  A howler monkey skeleton (D:5)
  A shadow imp (D:6)
  4 worms
  4 dart slugs
  4 orcs
  5 ball pythons
  8 endoplasms
  2 giant cockroaches
  4 goblins
  5 hobgoblins
  6 jackals
  3 quokkas
  2 bats
  3 frilled lizards
  6 kobolds
  5 rats
130 creatures vanquished.

Notes
Turn   | Place    | Note
-------+----------+-------------------------------------------
     0 | D:1      | horus123 the Human Fighter began the quest for the Orb.
     0 | D:1      | Reached XP level 1. HP: 18/18 MP: 1/1
   239 | D:1      | Reached XP level 2. HP: 20/24 MP: 2/2
  1006 | D:2      | Reached XP level 3. HP: 29/29 MP: 3/3
  1013 | D:2      | Noticed a scorpion
  1024 | D:2      | Killed a scorpion
  1025 | D:2      | Reached XP level 4. HP: 33/35 MP: 4/4
  1538 | D:2      | Reached XP level 5. HP: 41/41 MP: 5/5
  1712 | D:3      | Found a shadowy altar of Dithmenos.
  1720 | D:3      | Reached skill level 5 in Shields
  1772 | D:3      | Found an ancient bone altar of Kikubaaqudgha.
  1891 | D:3      | Noticed Natasha
  1899 | D:3      | Killed Natasha
  2143 | D:3      | Noticed Natasha
  2154 | D:3      | Killed Natasha
  2328 | D:3      | Found a glowing silver altar of Zin.
  2414 | D:3      | Found a broken altar of Ashenzari.
  2679 | D:4      | Identified the +7 mace "Axiuw" {flame, rPois}
  2841 | D:4      | Noticed Grinder
  2847 | D:4      | Killed Grinder
  2848 | D:4      | Reached skill level 5 in Fighting
  2848 | D:4      | Reached XP level 6. HP: 38/52 MP: 6/6
  2848 | D:4      | Reached XP level 7. HP: 42/57 MP: 7/7
  3353 | D:5      | Entered Level 5 of the Dungeon
  3464 | D:5      | Found a runed translucent gate.
  3464 | D:5      | Found a runed translucent gate.
  3464 | D:5      | Found a runed translucent gate.
  3464 | D:5      | Noticed belegose's ghost (novice DrFE)
  3652 | D:5      | Reached XP level 8. HP: 58/64 MP: 8/8
  3708 | D:5      | Reached skill level 5 in Throwing
  3888 | D:5      | Reached skill level 3 in Maces & Flails
  4048 | D:5      | Reached skill level 4 in Maces & Flails
  4301 | D:5      | Found a sparkling altar of Nemelex Xobeh.
  4583 | D:5      | Found a hazy altar of Hepliaklqana.
  4744 | D:5      | Killed belegose's ghost
  4745 | D:5      | Reached skill level 6 in Maces & Flails
  4745 | D:5      | Reached XP level 9. HP: 51/69 MP: 9/9
  4863 | D:5      | Became a worshipper of Nemelex Xobeh the Trickster
  5110 | D:6      | Reached skill level 7 in Maces & Flails
  5197 | D:6      | Found a glowing drain.
  5246 | Sewer    | Entered a sewer
  5354 | Sewer    | Found a white marble altar of Elyvilon.
  5488 | D:6      | Reached skill level 5 in Armour
  6155 | D:6      | Noticed Menkaure
  6160 | D:6      | Killed Menkaure
  6161 | D:6      | Found a blossoming altar of Fedhas.
  6385 | D:6      | Found a staircase to the Ecumenical Temple.
  6528 | D:7      | Reached * piety under Nemelex Xobeh
  7009 | D:7      | Reached skill level 5 in Invocations
  7020 | D:7      | Reached XP level 10. HP: 69/76 MP: 13/13
  7105 | D:7      | Reached skill level 1 in Evocations
  7184 | D:7      | Found Zeudwe's Jewellery Emporium.
  7187 | D:7      | Received a gift from Nemelex Xobeh
  7745 | D:8      | Noticed Gastronok
  7770 | D:8      | Slain by Gastronok

Illustrated notes

Levels and vault maps discovered:
D:1:      minmay_arrival_solitary_statue, layout_basic,
          hangedman_abyss_or_decor_stabs
D:2:      layout_loops_cross
D:3:      layout_loops_cross, nicolae_ashenzari_panopticon,
          mainiacjoe_overflow_chevrons, nicolae_kikubaaqudgha_miasma_corner,
          mainiacjoe_overflow_24_doors, minmay_misc_feat_plants,
          grunt_decor_one_mirror, uniq_natasha
D:4:      layout_basic, uniq_grinder
D:5:      layout_basic, worldfamousw_hep_ancestral_shrine, lemuel_crystal_altar,
          ebering_ghost_rock_garden
D:6:      layout_loops_cross, mainiacjoe_overflow_boulevard,
          minmay_temple_entry_nine_rooms, cheibrodos_sewer_entry_bend,
          uniq_menkaure
D:7:      layout_basic, serial_shops, nicolae_square_shop
D:8:      layout_cave_pools, nicolae_uskayaw_suspiria,
          overflow_temple_1_default, mainiacjoe_overflow_catwalk_spiral,
          lair_entry_dummy, minmay_fractal_squares_5, uniq_gastronok

Skill      XL: |  1  2  3  4  5  6  7  8  9 10 |
---------------+-------------------------------+-----
Shields        | 4 5 |  5.0
Fighting       | 5 |  5.7
Throwing       | 4 5 |  5.0
Maces & Flails | 6 7 |  7.1
Armour         | 6 |  6.2
Invocations    | 5 |  5.4
Evocations     | 3 |  3.4

Action                   |  1- 3 |  4- 6 |  7- 9 | 10-12 || total
-------------------------+-------+-------+-------+-------++-------
Melee: Flail             |    32 |    79 |       |       ||   111
       Mace              |       |     5 |   199 |    35 ||   239
Throw: Javelin           |       |       |    62 |     2 ||    64
Evoke: Wand              |       |       |       |    15 ||    15
  Use: Scroll            |     1 |     1 |     4 |     1 ||     7
       Potion            |     1 |       |     2 |     1 ||     4
Armor: Scale mail        |    11 |    28 |     9 |       ||    48
       Plate armour      |       |       |   120 |    27 ||   147
Dodge: Dodged            |     9 |    23 |    29 |     6 ||    67
Block: Kite shield       |    16 |    46 |   122 |    31 ||   215
